cohdb
Replays
Latest Replays
All Replays
Popular Replays
Top Player Replays
Match Explorer
How It Works
Community
CoH3 Stats
Reddit
Sign in to upload your games and track your stats! →
Sign in with Steam
Match 45187683
Unlisted
Match 45187683
Overview
Messages
Build Orders
End
Vickers Machine Gun Team
Selects Air and Sea Battlegroup
Construct Section Command Post
Dingo Light Scout Car
Infantry Section
Infantry Section
Infantry Section
Construct Platoon Command Post
Humber Armored Car
Construct Field Infirmary
Selects Commando Section Paradrop
Selects Supply Surplus
6-pounder Anti-tank Gun Team
Selects UNKNOWN (223837)
Commando Section Paradrop
Royal Engineer Section
Construct Company Command Post
Selects Commando Support Section Paradrop
Selects Anti-tank Rocket Loiter
Crusader II Medium Tank
Este-El-Beste
Daspi
PHiSCES
Sam
Mastur Bison
SpoSadiK
Robbenklopper
mentoss
0
0
Comments
sign in to comment!
No comments posted yet!